 Dungeon Crawl Stone Soup version 0.29-a0-757-g358383bc75 (webtiles) character file.

Game seed: 2076637424187055137

154 Mgcat the Trooper (level 5, -1/55 HPs)
             Began as an Ogre Fighter on June 30, 2022.
             Killed from afar by Dowan (4 damage)
             ... with a puff of flame
             ... on level 4 of the Dungeon.
             The game lasted 00:03:33 (2895 turns).

Mgcat the Trooper (Ogre Fighter)                    Turns: 2895, Time: 00:03:34

Health: -1/55      AC:  3    Str: 22    XL:     5   Next: 36%
Magic:  5/5        EV:  8    Int:  9    God:
Gold:   114        SH:  7    Dex:  8    Spells: 4/4 levels left

rFire   . . .      SeeInvis .   a - +0 war axe
rCold   . . .      Faith    .   c - +0 kite shield
rNeg    . . .      Spirit   .   b - +0 robe
rPois   .          Reflect  .   (helmet restricted)
rElec   .          Harm     .   (no cloak)
rCorr   .          Rampage  .   (gloves unavailable)
Will    .....                   (boots unavailable)
Stlth   +.........              k - amulet of the acrobat
HPRegen 0.18/turn               (no ring)
MPRegen 0.09/turn               (no ring)

@: mighty
A: large, unfitting armour, tough skin 1
a: no special abilities


You were on level 4 of the Dungeon.
You visited 1 branch of the dungeon, and saw 4 of its levels.

You collected 114 gold pieces.

Inventory:

Hand Weapons
 a - a +0 war axe (weapon)
Armour
 b - a +0 robe (worn)
 c - a +0 kite shield (worn)
Jewellery
 k - an amulet of the acrobat (around neck)
   (You found it on level 2 of the Dungeon)
Wands
 n - a wand of digging (6)
   (You found it on level 3 of the Dungeon)
Scrolls
 f - 6 scrolls of identify {unknown}
 g - a scroll of teleportation {unknown}
 h - a scroll of amnesia {unknown}
 i - a scroll of magic mapping {unknown}
 l - a scroll of enchant armour {unknown}
 m - 3 scrolls of enchant weapon {unknown}
 o - 2 scrolls of fear {unknown}
 p - a scroll of silence {unknown}
 r - a scroll of noise {unknown}
 t - a scroll of poison {unknown}
Potions
 e - a potion of invisibility {unknown}
 j - a potion of mutation {unknown}
 q - a potion of degeneration {unknown}
 s - a potion of cancellation {unknown}


   Skills:
 + Level 4.9 Fighting
 * Level 3.7 Axes
 + Level 3.3 Dodging
 + Level 3.7 Shields


You had 4 spell levels left.
You didn't know any spells.
Your spell library contained the following spells:

 Spells                   Type           Power      Damage    Failure   Level
 Magic Dart               Conj           0%         1d3       67%         1
 Sting                    Tmut/Pois      0%         1d3       67%         1
 Call Imp                 Summ           0%         N/A       82%         2
 Poisonous Vapours        Pois/Air       0%         N/A       82%         2
 Gell's Gravitas          Tloc           0%         N/A       96%         3
 Lesser Beckoning         Tloc           0%         N/A       96%         3
 Mephitic Cloud           Conj/Pois/Air  0%         N/A       96%         3
 Portal Projectile        Hex/Tloc       0%         N/A       96%         3
 Teleport Other           Tloc           0%         N/A       96%         3
 Tukima's Dance           Hex            0%         N/A       96%         3
 Olgreb's Toxic Radiance  Pois           0%         N/A       100%        4
 Blade Hands              Tmut           0%         N/A       100%        5


Dungeon Overview and Level Annotations

Branches:
Dungeon (4/15)
 Temple: D:4-7

Altars:
Fedhas

Annotations:
D:4 Dowan, Duvessa


Innate Abilities, Weirdness & Mutations

You are too large for most types of armour.
You have tough skin. (AC +1)


Message History

You are more poisoned.
The adder poisons you! The adder bites you but does no damage.
You take 2 damage, and have 50/55 hp.
You slash the adder!
You kill the adder!
You feel very sick.
You take 3 damage, and have 47/55 hp.
No target in view!
No target in view!
No target in view!
You feel sick.
You feel sick.
You feel sick.
You feel sick.
You feel sick.
You feel sick.
You are no longer poisoned.
Found a stone staircase leading down.
Health restored: 55 You see here a +0 short sword.
A dart slug comes into view.
A dart slug is nearby!
You hit the dart slug.
The dart slug is heavily wounded.
You block the dart slug's attack.
You slash the dart slug!
You kill the dart slug!
No target in view!
Found an escape hatch in the ceiling.
There is an escape hatch in the ceiling here.
t - a scroll labelled KONEKHI RIUMUGOA You see here a +0 ring mail.
f - 6 scrolls labelled ZASAGG OTRIR (gained 2) Done exploring.
Done exploring.
Done exploring.
Done exploring.
Done exploring.
Done exploring.
(D) Dungeon
Where to? (Enter - D:3, ? - help)
What level of the Dungeon? (default 1, ? - help)
There is a stone staircase leading down here.
You climb downwards.
There is a stone staircase leading up here.
Dowan, Brother of Duvessa comes into view.
He is wielding a +0 dagger and carrying a wand of flame (4).
Dowan shouts!
Dowan moves out of view.
Duvessa, Sister of Dowan comes into view.
She is wielding a +0 short sword and wearing a +2 leather armour of cold resistance.
Lua error: [string "/dgldir/rcfiles/crawl-git/Mgcat.rc"]:930: invalid capture index Unknown command.
Lua error: [string "/dgldir/rcfiles/crawl-git/Mgcat.rc"]:930: invalid capture index Duvessa shouts!
Spoiler Alert: Duvessa can hit for moderate damage in melee, and goes Berserk when Dowan dies!
You start waiting.
Duvessa is nearby!
Spoiler Alert: Duvessa can hit for moderate damage in melee, and goes Berserk when Dowan dies!
Duvessa misses you.
Warning x2: Duvessa can hit for moderate damage in melee, and goes Berserk when Dowan dies!
Dowan can Haste Duvessa, and will become Hasted and cast Throw Icicle when Duvessa dies!
You hit Duvessa.
Duvessa is lightly wounded.
Warning x2: Duvessa can hit for moderate damage in melee, and goes Berserk when Dowan dies!
Dowan can Haste Duvessa, and will become Hasted and cast Throw Icicle when Duvessa dies!
Sorry, you're not good enough to have a special ability.
Warning x2: Duvessa can hit for moderate damage in melee, and goes Berserk when Dowan dies!
Dowan can Haste Duvessa, and will become Hasted and cast Throw Icicle when Duvessa dies!
You feel very mighty all of a sudden.
Duvessa says, "Where magic fails, the sword succeeds!"
Duvessa hits you with a +0 short sword!
Dowan points at you and mumbles some strange words.
The puff of flame hits you!
You take 17 damage, and have 38/55 hp.
MASSIVE DAMAGE!!
Warning x2: Duvessa can hit for moderate damage in melee, and goes Berserk when Dowan dies!
Dowan can Haste Duvessa, and will become Hasted and cast Throw Icicle when Duvessa dies!
You are too injured to fight recklessly!
Warning x2: Duvessa can hit for moderate damage in melee, and goes Berserk when Dowan dies!
Dowan can Haste Duvessa, and will become Hasted and cast Throw Icicle when Duvessa dies!
You closely miss Duvessa.
Duvessa is lightly wounded.
You closely miss Dowan.
Dowan points at you and mumbles some strange words.
You resist with some effort. Duvessa hits you with a +0 short sword!
You take 11 damage, and have 27/55 hp.
Warning x2: Duvessa can hit for moderate damage in melee, and goes Berserk when Dowan dies!
Dowan can Haste Duvessa, and will become Hasted and cast Throw Icicle when Duvessa dies!
You barely miss Duvessa.
Duvessa is lightly wounded.
You closely miss Dowan. Duvessa misses you. You block Dowan's attack.
Duvessa hits you with a +0 short sword! Dowan hits you but does no damage.
You take 8 damage, and have 19/55 hp.
Warning x2: Duvessa can hit for moderate damage in melee, and goes Berserk when Dowan dies!
Dowan can Haste Duvessa, and will become Hasted and cast Throw Icicle when Duvessa dies!
You slash Duvessa!
Duvessa is heavily wounded.
You barely miss Dowan. Dowan gestures at you while chanting.
The puff of flame hits you!
* * * LOW HITPOINT WARNING * * *
Duvessa hits you with a +0 short sword.
* * * LOW HITPOINT WARNING * * *
You take 16 damage, and have 3/55 hp.
MASSIVE DAMAGE!!
Warning x2: Duvessa can hit for moderate damage in melee, and goes Berserk when Dowan dies!
Dowan can Haste Duvessa, and will become Hasted and cast Throw Icicle when Duvessa dies!
You slash Duvessa!
Duvessa is almost dead.
You barely miss Dowan.
Dowan zaps a wand.
The puff of flame hits you.
You die...

#. #....#
#.###.##.## #
#........<#
#.##....##..#
#.......##..#
####....##..8.
###..###.##.
#..###.# #
#.e@...#
##e##### ....
#...## #.....
##...# #..##
#..


You could see Duvessa and Dowan.

Vanquished Creatures
  An orc priest (D:3)
  4 adders
  2 worms (D:2)
  A dart slug (D:3)
  10 orcs (D:3)
  3 bats
  4 endoplasms
  2 giant cockroaches
  3 goblins
  7 hobgoblins
  5 jackals
  3 quokkas
  6 ball pythons (D:1)
  6 frilled lizards
  5 kobolds
  6 rats
68 creatures vanquished.

Vanquished Creatures (others)
  5 fungi (D:3)
  8 plants (D:3)
13 creatures vanquished.

Grand Total: 81 creatures vanquished

Notes
Turn   | Place    | Note
-------+----------+-------------------------------------------
     0 | D:1      | Mgcat the Ogre Fighter began the quest for the Orb.
     0 | D:1      | Reached XP level 1. HP: 24/24 MP: 1/1
   287 | D:1      | Reached XP level 2. HP: 30/32 MP: 2/2
   602 | D:1      | Reached XP level 3. HP: 33/39 MP: 3/3
  1033 | D:2      | Found a faded altar of an unknown god.
  1035 | D:2      | Reached skill level 3 in Dodging
  1389 | D:2      | Reached skill level 3 in Axes
  1389 | D:2      | Reached XP level 4. HP: 48/49 MP: 4/4
  1757 | D:3      | HP: 11/49 [orc priest/divine providence (14)]
  2026 | D:3      | Reached XP level 5. HP: 48/55 MP: 5/5
  2151 | D:3      | Found a blossoming altar of Fedhas.
  2881 | D:4      | Noticed Dowan
  2882 | D:4      | Noticed Duvessa
  2894 | D:4      | HP: 8/55 [Dowan/puff of flame (11)]
  2894 | D:4      | HP: 3/55 [Duvessa/+0 short sword (5)]
  2895 | D:4      | Killed from afar by Dowan

Illustrated notes

Levels and vault maps discovered:
D:1:      amcnicky_arrival_double_pillar, layout_loops_ring
D:2:      layout_basic, serial_rivers, chequers_serial_rivers_micro_b,
          chequers_serial_rivers_small_a, chequers_serial_rivers_micro_b,
          chequers_serial_rivers_marsh, chequers_serial_rivers_room_b,
          chequers_serial_rivers_micro_a, basic_ecumenical_altar
D:3:      layout_loops_ring, fedhas_altar_3
D:4:      layout_loops_corners, marbit_many_paths, serial_shops,
          nicolae_shop_statue_plus, minmay_ruined_shrine, uniq_sigmund,
          uniq_duvessa

Skill      XL: |  1  2  3 |
---------------+----------+-----
Dodging        | 3 |  3.3
Axes           | 3 |  3.7
Fighting       | |  4.9
Shields        | |  3.7

Action                   |  1- 3 |  4- 6 || total
-------------------------+-------+-------++-------
Melee: War axe           |   124 |    92 ||   216
  Use: Potion            |       |     2 ||     2
 Stab: Sleeping          |     1 |       ||     1
Armor: Robe              |    34 |    20 ||    54
Dodge: Dodged            |    51 |    46 ||    97
Block: Kite shield       |    51 |    41 ||    92

Table legend: (Time is in decaauts)
 A = Elapsed time spent in this place.
 B = Non-inter-level travel time spent in this place.
 C = Inter-level travel time spent in this place.
 D = Time resting spent in this place.
 E = Time spent auto-exploring this place.
 F = Levels seen in this place.
 G = Mean time per level.
                   A        B        C        D        E       F      G
               +--------+--------+--------+--------+--------+-----+--------+
         Total |   3004 |   2946 |     58 |    488 |   1905 |   4 |  751.0 |
       Dungeon |   3004 |   2946 |     58 |    488 |   1905 |   4 |  751.0 |
               +--------+--------+--------+--------+--------+-----+--------+

Top non-repeatable levels by time:
     D:1: 1079 daAuts
     D:3: 1018 daAuts
     D:2: 880 daAuts
     D:4: 26 daAuts

Table legend:
 A = Kills in this place as a percentage of kills in entire the game.
 B = Kills by you in this place as a percentage of kills by you in the entire game.
 C = Kills by friends in this place as a percentage of kills by friends in the entire game.
 D = Other kills in this place as a percentage of other kills in the entire game.
 E = Experience gained in this place as a percentage of experience gained in the entire game.
 F = Experience gained in this place divided by the number of levels of this place that you have seen.
                   A       B       C       D       E      F
               +-------+-------+-------+-------+-------+----------------------
         Total | 100.0 | 100.0 |   N/A |   N/A | 100.0 |  55.2
       Dungeon | 100.0 | 100.0 |   N/A |   N/A | 100.0 |  55.2
               +-------+-------+-------+-------+-------+----------------------
